[ PARTIDA AOE2 · #472078803 ]
UnrankedEspañoles vs Mongols
[ ANÁLISIS DE REPETICIÓN · EXTRAÍDO DE LA PARTIDA GRABADA ]
Feudal
11:46
Castillos
15:16
Imperial
—
| APM promedio | 56.7 |
| APM pico | 103 |
| eAPM promedio | 29.4 |
| Aldeanos / militares | 53 / 10 |
Foco
⚔️ 46.6% · 🌾 53.4%
Conquistador ×8 · Petard ×2 · Trade Cart ×1
Feudal
10:06
Castillos
13:36
Imperial
—
| APM promedio | 30.3 |
| APM pico | 69 |
| eAPM promedio | 15.3 |
| Aldeanos / militares | 71 / 12 |
Foco
⚔️ 18.0% · 🌾 82.0%
Monk ×9 · Mangonel ×3
Feudal
19:52
Castillos
—
Imperial
—
| APM promedio | 41.4 |
| APM pico | 82 |
| eAPM promedio | 22.6 |
| Aldeanos / militares | 43 / 0 |
Foco
⚔️ 18.4% · 🌾 81.6%
Feudal
10:56
Castillos
14:30
Imperial
—
| APM promedio | 47.0 |
| APM pico | 100 |
| eAPM promedio | 22.7 |
| Aldeanos / militares | 62 / 10 |
Foco
⚔️ 13.8% · 🌾 86.2%
Scout Cavalry ×6 · Mangonel ×2 · Monk ×1 · Knight ×1
Feudal
19:04
Castillos
—
Imperial
—
| APM promedio | 44.2 |
| APM pico | 92 |
| eAPM promedio | 24.6 |
| Aldeanos / militares | 44 / 0 |
Foco
⚔️ 19.5% · 🌾 80.5%
Feudal
11:23
Castillos
15:18
Imperial
—
| APM promedio | 33.6 |
| APM pico | 99 |
| eAPM promedio | 16.9 |
| Aldeanos / militares | 94 / 0 |
Foco
⚔️ 26.0% · 🌾 74.0%
Feudal
15:58
Castillos
—
Imperial
—
| APM promedio | 59.5 |
| APM pico | 128 |
| eAPM promedio | 35.7 |
| Aldeanos / militares | 59 / 3 |
Foco
⚔️ 40.6% · 🌾 59.4%
Militia ×3
Feudal
19:10
Castillos
—
Imperial
—
| APM promedio | 36.9 |
| APM pico | 83 |
| eAPM promedio | 24.5 |
| Aldeanos / militares | 68 / 0 |
Foco
⚔️ 20.4% · 🌾 79.6%
Mapa de la partida
Recursos iniciales + cada clic de construcción. Líneas = muros · curvas = relieve. ◆ oro · ⬟ piedra · ● bayas · ✦ reliquia · ◌ hueco del cierre
Tu base· ✓ Cerrada en 15:16 · 1t muro · 3 puerta(s)
Base de _LY_Pala· ✓ Cerrada en 13:36 · 0t muro · sin puerta
Base de 微笑矮袋鼠· ✓ Cerrada en 12:00 · 0t muro · frágil
Base de KDA HDT· ✓ Cerrada en 14:30 · 2t muro · sin puerta
Base de RoR | Klobaska· ✓ Cerrada en 21:00 · 27t muro · sin puerta
Base de [TNT] KKKFFFFFFCC· ✓ Cerrada en 15:18 · 15t muro · sin puerta
Base de [LW] Kiddo· ✓ Cerrada en 20:35 · 102t muro · 1 puerta(s)
Base de 洛子商· ✓ Cerrada en 20:13 · 20t muro · sin puerta
Terreno inicial suavizado · ◌ = hueco del cierre detectado · pasá el cursor para detalles
Inputs por minuto
— 仙女下凡 - - _LY_Pala
Build order — 仙女下凡
112 acciones detectadas en el replay
| 0:00 | Encolar | Villager (Male) |
| 0:01 | Encolar | Villager (Male) |
| 0:01 | Encolar | Villager (Male) |
| 0:01 | Encolar | Villager (Male) |
| 0:02 | Construir | House |
| 0:02 | Construir | House |
| 0:03 | Construir | House |
| 1:20 | Encolar | Villager (Male) |
| 1:42 | Construir | Lumber Camp |
| 2:01 | Encolar | Villager (Male) |
| 2:14 | Encolar | Villager (Male) |
| 2:29 | Encolar | Villager (Male) |
| 2:29 | Encolar | Villager (Male) |
| 2:55 | Encolar | Villager (Male) |
| 2:55 | Encolar | Villager (Male) |
| 3:11 | Construir | House |
| 3:27 | Encolar | Villager (Male) |
| 3:48 | Construir | House |
| 4:05 | Encolar | Villager (Male) |
| 4:06 | Encolar | Villager (Male) |
| 4:20 | Construir | Mill |
| 4:25 | Encolar | Villager (Male) |
| 4:25 | Encolar | Villager (Male) |
| 4:53 | Encolar | Villager (Male) |
| 4:54 | Encolar | Villager (Male) |
| 5:07 | Encolar | Villager (Male) |
| 5:07 | Encolar | Villager (Male) |
| 5:37 | Encolar | Villager (Male) |
| 5:37 | Encolar | Villager (Male) |
| 6:13 | Encolar | Villager (Male) |
| 6:18 | Encolar | Villager (Male) |
| 6:36 | Encolar | Villager (Male) |
| 6:36 | Encolar | Villager (Male) |
| 6:42 | Encolar | Villager (Male) |
| 7:21 | Construir | Palisade Gate |
| 7:31 | Encolar | Villager (Male) |
| 7:34 | Construir | House |
| 7:45 | Construir | Palisade Gate |
| 7:48 | Construir | Palisade Gate |
| 7:58 | Construir | Palisade Gate |
| 8:02 | Encolar | Villager (Male) |
| 8:22 | Encolar | Villager (Male) |
| 8:38 | Construir | Palisade Wall |
| 8:42 | Construir | House |
| 8:54 | Construir | Mining Camp |
| 9:24 | Encolar | Villager (Male) |
| 9:35 | Investigar | Feudal Age |
| 9:36 | Investigar | Feudal Age |
| 11:21 | Encolar | Villager (Male) |
| 11:21 | Encolar | Villager (Male) |
| 11:46 | Edad | Edad Feudal |
| 11:47 | Construir | Market |
| 11:49 | Construir | Blacksmith |
| 12:03 | Investigar | Double-Bit Axe |
| 12:03 | Investigar | Double-Bit Axe |
| 12:10 | Construir | Mining Camp |
| 12:36 | Investigar | Castle Age |
| 12:37 | Investigar | Castle Age |
| 12:54 | Investigar | Horse Collar |
| 14:25 | Construir | House |
| 14:39 | Encolar | Trade Cart |
| 14:44 | Encolar | Villager (Male) |
| 15:16 | Edad | Edad de los Castillos |
| 15:21 | Construir | Castle |
| 15:35 | Encolar | Villager (Male) |
| 15:42 | Construir | Farm |
| 15:43 | Construir | Farm |
| 15:45 | Construir | Farm |
| 15:48 | Construir | Farm |
| 15:49 | Encolar | Villager (Male) |
| 16:11 | Construir | Farm |
| 16:16 | Construir | Farm |
| 16:22 | Encolar | Villager (Male) |
| 16:33 | Encolar | Conquistador |
| 16:39 | Construir | Lumber Camp |
| 16:47 | Encolar | Conquistador |
| 16:48 | Encolar | Villager (Male) |
| 17:06 | Encolar | Conquistador |
| 17:19 | Encolar | Villager (Male) |
| 17:25 | Encolar | Conquistador |
| 17:33 | Encolar | Villager (Male) |
| 18:02 | Encolar | Villager (Male) |
| 18:19 | Encolar | Conquistador |
| 18:21 | Encolar | Villager (Male) |
| 18:35 | Encolar | Villager (Male) |
| 18:51 | Encolar | Conquistador |
| 19:02 | Encolar | Petard |
| 19:16 | Construir | Farm |
| 19:16 | Construir | Farm |
| 19:16 | Construir | Farm |
| 19:17 | Construir | Farm |
| 19:17 | Construir | Farm |
| 19:19 | Construir | Farm |
| 19:20 | Construir | Farm |
| 19:45 | Encolar | Conquistador |
| 20:06 | Encolar | Conquistador |
| 20:23 | Encolar | Villager (Male) |
| 20:29 | Encolar | Petard |
| 20:45 | Encolar | Villager (Male) |
| 20:46 | Encolar | Villager (Male) |
| 20:46 | Encolar | Villager (Male) |
| 20:58 | Encolar | Villager (Male) |
| 20:58 | Encolar | Villager (Male) |
| 21:00 | Encolar | Villager (Male) |
| 21:00 | Encolar | Villager (Male) |
| 21:02 | Construir | Town Center |
| 21:36 | Investigar | Bow Saw |
| 21:36 | Investigar | Bow Saw |
| 21:43 | Construir | Farm |
| 22:07 | Encolar | Villager (Male) |
| 22:08 | Encolar | Villager (Male) |
| 22:11 | Construir | Farm |
Build order — _LY_Pala
129 acciones detectadas en el replay
| 0:01 | Encolar | Villager (Male) |
| 0:01 | Encolar | Villager (Male) |
| 0:01 | Encolar | Villager (Male) |
| 0:02 | Encolar | Villager (Male) |
| 0:03 | Construir | House |
| 0:04 | Construir | House |
| 1:27 | Encolar | Villager (Male) |
| 2:06 | Encolar | Villager (Male) |
| 2:17 | Encolar | Villager (Male) |
| 2:18 | Encolar | Villager (Male) |
| 2:33 | Construir | Lumber Camp |
| 2:46 | Encolar | Villager (Male) |
| 2:46 | Encolar | Villager (Male) |
| 3:09 | Encolar | Villager (Male) |
| 3:09 | Encolar | Villager (Male) |
| 3:33 | Encolar | Villager (Male) |
| 3:33 | Encolar | Villager (Male) |
| 3:43 | Construir | House |
| 3:48 | Encolar | Villager (Male) |
| 4:25 | Construir | Mill |
| 4:32 | Encolar | Villager (Male) |
| 4:32 | Encolar | Villager (Male) |
| 4:33 | Encolar | Villager (Male) |
| 5:07 | Encolar | Villager (Male) |
| 5:07 | Encolar | Villager (Male) |
| 5:30 | Encolar | Villager (Male) |
| 5:44 | Encolar | Villager (Male) |
| 5:46 | Construir | House |
| 6:17 | Encolar | Villager (Male) |
| 7:00 | Encolar | Villager (Male) |
| 7:19 | Encolar | Villager (Male) |
| 7:38 | Construir | Mining Camp |
| 7:53 | Investigar | Feudal Age |
| 8:39 | Construir | House |
| 9:37 | Encolar | Villager (Male) |
| 9:38 | Encolar | Villager (Male) |
| 10:06 | Edad | Edad Feudal |
| 10:07 | Construir | Market |
| 10:12 | Construir | Blacksmith |
| 10:56 | Investigar | Castle Age |
| 11:11 | Investigar | Double-Bit Axe |
| 11:14 | Investigar | Horse Collar |
| 11:26 | Construir | House |
| 12:33 | Construir | Farm |
| 12:34 | Construir | Farm |
| 12:54 | Encolar | Villager (Male) |
| 13:36 | Edad | Edad de los Castillos |
| 13:38 | Encolar | Villager (Male) |
| 13:41 | Construir | Monastery |
| 13:52 | Construir | Town Center |
| 13:56 | Encolar | Villager (Male) |
| 14:13 | Encolar | Villager (Male) |
| 14:31 | Investigar | Bow Saw |
| 14:32 | Encolar | Monk |
| 14:46 | Construir | Siege Workshop |
| 14:50 | Encolar | Villager (Male) |
| 14:56 | Construir | House |
| 15:11 | Construir | Farm |
| 15:16 | Encolar | Villager (Male) |
| 15:16 | Encolar | Villager (Male) |
| 15:32 | Encolar | Mangonel |
| 15:32 | Encolar | Mangonel |
| 15:37 | Construir | Stone Wall |
| 15:47 | Encolar | Villager (Male) |
| 15:48 | Encolar | Villager (Male) |
| 15:48 | Encolar | Villager (Male) |
| 15:57 | Encolar | Villager (Male) |
| 15:57 | Encolar | Villager (Male) |
| 16:01 | Construir | Farm |
| 16:01 | Construir | Farm |
| 16:02 | Construir | Farm |
| 16:26 | Encolar | Villager (Male) |
| 16:26 | Encolar | Villager (Male) |
| 16:30 | Construir | Farm |
| 16:33 | Construir | Farm |
| 16:40 | Encolar | Monk |
| 16:54 | Construir | Farm |
| 16:57 | Construir | Farm |
| 17:28 | Encolar | Villager (Male) |
| 17:28 | Encolar | Villager (Male) |
| 17:28 | Encolar | Villager (Male) |
| 17:51 | Encolar | Monk |
| 17:55 | Investigar | Loom |
| 18:06 | Construir | Stone Wall |
| 18:20 | Encolar | Villager (Male) |
| 18:20 | Encolar | Villager (Male) |
| 18:20 | Encolar | Villager (Male) |
| 18:20 | Encolar | Villager (Male) |
| 18:53 | Encolar | Villager (Male) |
| 18:55 | Construir | House |
| 18:59 | Encolar | Monk |
| 19:04 | Encolar | Villager (Male) |
| 19:07 | Construir | Town Center |
| 19:08 | Encolar | Villager (Male) |
| 19:10 | Construir | Farm |
| 19:25 | Encolar | Monk |
| 19:38 | Encolar | Villager (Male) |
| 19:38 | Encolar | Villager (Male) |
| 19:38 | Encolar | Villager (Male) |
| 20:12 | Construir | House |
| 20:18 | Encolar | Villager (Male) |
| 20:18 | Encolar | Villager (Male) |
| 20:19 | Encolar | Villager (Male) |
| 20:26 | Construir | Town Center |
| 20:27 | Encolar | Villager (Male) |
| 20:27 | Encolar | Villager (Male) |
| 20:47 | Construir | House |
| 20:50 | Encolar | Mangonel |
| 20:51 | Encolar | Villager (Male) |
| 20:51 | Encolar | Villager (Male) |
| 20:58 | Construir | Monastery |
| 21:11 | Construir | House |
| 21:24 | Encolar | Villager (Male) |
| 21:24 | Encolar | Villager (Male) |
| 21:24 | Encolar | Villager (Male) |
| 21:25 | Encolar | Villager (Male) |
| 21:38 | Construir | Town Center |
| 21:43 | Encolar | Villager (Male) |
| 21:43 | Encolar | Villager (Male) |
| 21:46 | Construir | Farm |
| 21:48 | Construir | Farm |
| 21:50 | Encolar | Monk |
| 21:54 | Encolar | Villager (Male) |
| 22:10 | Encolar | Monk |
| 22:10 | Encolar | Villager (Male) |
| 22:11 | Encolar | Villager (Male) |
| 22:22 | Encolar | Monk |
| 22:24 | Encolar | Monk |
| 22:29 | Encolar | Villager (Male) |
Build order — 微笑矮袋鼠
67 acciones detectadas en el replay
| 0:00 | Encolar | Villager (Male) |
| 0:01 | Encolar | Villager (Male) |
| 0:01 | Encolar | Villager (Male) |
| 0:02 | Construir | House |
| 0:04 | Construir | House |
| 0:07 | Investigar | Loom |
| 0:11 | Encolar | Villager (Male) |
| 0:12 | Encolar | Villager (Male) |
| 0:20 | Encolar | Villager (Male) |
| 0:20 | Encolar | Villager (Male) |
| 0:32 | Encolar | Villager (Male) |
| 2:42 | Encolar | Villager (Male) |
| 2:42 | Encolar | Villager (Male) |
| 3:26 | Encolar | Villager (Male) |
| 4:02 | Encolar | Villager (Male) |
| 4:02 | Encolar | Villager (Male) |
| 4:46 | Encolar | Villager (Male) |
| 4:47 | Encolar | Villager (Male) |
| 5:00 | Construir | House |
| 5:40 | Encolar | Villager (Male) |
| 5:41 | Encolar | Villager (Male) |
| 6:06 | Encolar | Villager (Male) |
| 6:06 | Encolar | Villager (Male) |
| 6:16 | Construir | Mill |
| 7:05 | Encolar | Villager (Male) |
| 7:06 | Encolar | Villager (Male) |
| 7:48 | Encolar | Villager (Male) |
| 8:21 | Encolar | Villager (Male) |
| 8:22 | Encolar | Villager (Male) |
| 8:28 | Encolar | Villager (Male) |
| 8:33 | Construir | House |
| 9:10 | Encolar | Villager (Male) |
| 9:10 | Encolar | Villager (Male) |
| 9:17 | Encolar | Villager (Male) |
| 10:38 | Encolar | Villager (Male) |
| 10:38 | Encolar | Villager (Male) |
| 10:39 | Encolar | Villager (Male) |
| 11:12 | Encolar | Villager (Male) |
| 11:13 | Encolar | Villager (Male) |
| 11:53 | Encolar | Villager (Male) |
| 12:09 | Construir | Palisade Wall |
| 12:10 | Encolar | Villager (Male) |
| 12:23 | Encolar | Villager (Male) |
| 12:38 | Construir | Palisade Wall |
| 12:52 | Construir | Palisade Wall |
| 12:53 | Encolar | Villager (Male) |
| 13:04 | Construir | Palisade Wall |
| 13:11 | Construir | House |
| 13:22 | Construir | Palisade Wall |
| 13:33 | Encolar | Villager (Male) |
| 13:49 | Encolar | Villager (Male) |
| 14:31 | Construir | Lumber Camp |
| 14:47 | Construir | Farm |
| 14:49 | Encolar | Villager (Male) |
| 14:54 | Construir | Farm |
| 15:31 | Construir | Farm |
| 15:32 | Construir | Farm |
| 15:40 | Encolar | Villager (Male) |
| 15:41 | Encolar | Villager (Male) |
| 15:50 | Construir | House |
| 16:27 | Construir | Palisade Wall |
| 16:29 | Encolar | Villager (Male) |
| 16:56 | Construir | Palisade Wall |
| 17:11 | Construir | Palisade Wall |
| 17:27 | Construir | Farm |
| 17:42 | Investigar | Feudal Age |
| 19:52 | Edad | Edad Feudal |
Build order — KDA HDT
130 acciones detectadas en el replay
| 0:01 | Encolar | Villager (Male) |
| 0:02 | Encolar | Villager (Male) |
| 0:02 | Construir | House |
| 0:05 | Construir | House |
| 0:13 | Encolar | Villager (Male) |
| 0:14 | Encolar | Villager (Male) |
| 0:14 | Encolar | Villager (Male) |
| 1:24 | Encolar | Villager (Male) |
| 1:45 | Construir | Lumber Camp |
| 2:00 | Encolar | Villager (Male) |
| 2:13 | Encolar | Villager (Male) |
| 2:46 | Encolar | Villager (Male) |
| 2:46 | Encolar | Villager (Male) |
| 3:03 | Encolar | Villager (Male) |
| 3:03 | Encolar | Villager (Male) |
| 3:32 | Encolar | Villager (Male) |
| 3:50 | Construir | House |
| 4:01 | Encolar | Villager (Male) |
| 4:30 | Encolar | Villager (Male) |
| 4:30 | Encolar | Villager (Male) |
| 4:49 | Encolar | Villager (Male) |
| 4:49 | Encolar | Villager (Male) |
| 5:01 | Construir | Palisade Wall |
| 5:13 | Construir | Palisade Wall |
| 5:19 | Construir | Mill |
| 5:24 | Encolar | Villager (Male) |
| 5:24 | Encolar | Villager (Male) |
| 5:42 | Encolar | Villager (Male) |
| 6:02 | Encolar | Villager (Male) |
| 6:19 | Construir | House |
| 6:29 | Encolar | Villager (Male) |
| 6:29 | Encolar | Villager (Male) |
| 7:26 | Encolar | Villager (Male) |
| 7:53 | Encolar | Villager (Male) |
| 8:08 | Encolar | Villager (Male) |
| 8:14 | Encolar | Villager (Male) |
| 8:38 | Investigar | Feudal Age |
| 8:44 | Construir | Mining Camp |
| 9:24 | Construir | Barracks |
| 9:27 | Construir | House |
| 10:45 | Encolar | Villager (Male) |
| 10:45 | Encolar | Villager (Male) |
| 10:56 | Edad | Edad Feudal |
| 10:59 | Construir | Stable |
| 11:04 | Construir | Blacksmith |
| 11:50 | Investigar | Castle Age |
| 12:31 | Investigar | Horse Collar |
| 12:34 | Construir | Farm |
| 12:38 | Construir | Farm |
| 12:39 | Construir | Farm |
| 12:42 | Construir | Farm |
| 12:58 | Encolar | Scout Cavalry |
| 13:23 | Construir | House |
| 13:33 | Investigar | Double-Bit Axe |
| 13:33 | Investigar | Double-Bit Axe |
| 13:36 | Encolar | Scout Cavalry |
| 14:20 | Construir | Farm |
| 14:30 | Edad | Edad de los Castillos |
| 14:32 | Construir | Siege Workshop |
| 14:34 | Encolar | Villager (Male) |
| 14:34 | Encolar | Villager (Male) |
| 14:43 | Construir | Farm |
| 14:50 | Encolar | Villager (Male) |
| 15:00 | Encolar | Villager (Male) |
| 15:05 | Encolar | Scout Cavalry |
| 15:18 | Encolar | Mangonel |
| 15:21 | Construir | House |
| 15:34 | Encolar | Villager (Male) |
| 15:48 | Encolar | Villager (Male) |
| 15:58 | Construir | House |
| 16:01 | Encolar | Mangonel |
| 16:11 | Encolar | Scout Cavalry |
| 16:12 | Encolar | Villager (Male) |
| 16:36 | Construir | Monastery |
| 16:43 | Encolar | Villager (Male) |
| 16:55 | Encolar | Scout Cavalry |
| 17:11 | Encolar | Villager (Male) |
| 17:22 | Encolar | Scout Cavalry |
| 17:33 | Encolar | Monk |
| 17:35 | Construir | House |
| 17:45 | Encolar | Villager (Male) |
| 17:48 | Construir | Town Center |
| 18:06 | Encolar | Villager (Male) |
| 18:11 | Encolar | Knight |
| 18:18 | Encolar | Villager (Male) |
| 18:28 | Construir | Farm |
| 18:37 | Encolar | Villager (Male) |
| 18:49 | Encolar | Villager (Male) |
| 18:51 | Construir | Farm |
| 18:53 | Construir | House |
| 19:08 | Encolar | Villager (Male) |
| 19:13 | Construir | Town Center |
| 19:45 | Construir | House |
| 20:04 | Encolar | Villager (Male) |
| 20:07 | Construir | Farm |
| 20:07 | Construir | Farm |
| 20:07 | Construir | Farm |
| 20:07 | Construir | Farm |
| 20:07 | Construir | Farm |
| 20:08 | Construir | Farm |
| 20:08 | Construir | Farm |
| 20:14 | Encolar | Villager (Male) |
| 20:15 | Encolar | Villager (Male) |
| 20:24 | Encolar | Villager (Male) |
| 20:24 | Encolar | Villager (Male) |
| 20:37 | Encolar | Villager (Male) |
| 20:40 | Construir | Farm |
| 20:45 | Construir | Farm |
| 21:09 | Encolar | Villager (Male) |
| 21:11 | Encolar | Villager (Male) |
| 21:11 | Encolar | Villager (Male) |
| 21:12 | Construir | Farm |
| 21:15 | Construir | Farm |
| 21:18 | Construir | Farm |
| 21:33 | Encolar | Villager (Male) |
| 21:37 | Encolar | Villager (Male) |
| 21:38 | Construir | Farm |
| 21:40 | Encolar | Villager (Male) |
| 21:40 | Encolar | Villager (Male) |
| 21:43 | Construir | Farm |
| 21:55 | Encolar | Villager (Male) |
| 22:08 | Encolar | Villager (Male) |
| 22:09 | Encolar | Villager (Male) |
| 22:10 | Construir | Farm |
| 22:13 | Construir | Farm |
| 22:14 | Construir | Farm |
| 22:15 | Construir | Farm |
| 22:15 | Encolar | Villager (Male) |
| 22:17 | Construir | Farm |
| 22:17 | Construir | Farm |
Build order — RoR | Klobaska
100 acciones detectadas en el replay
| 0:01 | Encolar | Villager (Male) |
| 0:01 | Encolar | Villager (Male) |
| 0:01 | Encolar | Villager (Male) |
| 0:02 | Construir | House |
| 0:03 | Construir | House |
| 0:04 | Construir | House |
| 0:06 | Encolar | Villager (Male) |
| 0:06 | Encolar | Villager (Male) |
| 0:23 | Investigar | Loom |
| 0:31 | Encolar | Villager (Male) |
| 0:32 | Encolar | Villager (Male) |
| 0:33 | Encolar | Villager (Male) |
| 1:22 | Construir | Palisade Wall |
| 1:24 | Construir | Palisade Wall |
| 1:27 | Construir | Palisade Wall |
| 1:40 | Construir | Palisade Wall |
| 1:46 | Construir | Palisade Wall |
| 2:08 | Encolar | Villager (Male) |
| 2:08 | Encolar | Villager (Male) |
| 2:38 | Encolar | Villager (Male) |
| 3:10 | Encolar | Villager (Male) |
| 3:10 | Encolar | Villager (Male) |
| 3:30 | Construir | Palisade Wall |
| 3:32 | Construir | Palisade Wall |
| 3:56 | Encolar | Villager (Male) |
| 4:22 | Encolar | Villager (Male) |
| 4:22 | Encolar | Villager (Male) |
| 4:58 | Encolar | Villager (Male) |
| 5:37 | Construir | Palisade Wall |
| 5:47 | Construir | Palisade Wall |
| 5:50 | Construir | Palisade Wall |
| 6:01 | Encolar | Villager (Male) |
| 6:10 | Encolar | Villager (Male) |
| 6:15 | Construir | Palisade Wall |
| 6:27 | Construir | Palisade Wall |
| 6:27 | Construir | Palisade Wall |
| 6:34 | Construir | Palisade Wall |
| 6:36 | Construir | Palisade Wall |
| 7:31 | Encolar | Villager (Male) |
| 7:38 | Construir | Palisade Wall |
| 7:51 | Encolar | Villager (Male) |
| 7:51 | Encolar | Villager (Male) |
| 8:00 | Construir | Palisade Wall |
| 8:01 | Construir | Palisade Wall |
| 8:38 | Construir | Palisade Wall |
| 8:40 | Construir | Palisade Wall |
| 8:52 | Encolar | Villager (Male) |
| 9:17 | Encolar | Villager (Male) |
| 9:17 | Encolar | Villager (Male) |
| 9:58 | Encolar | Villager (Male) |
| 9:58 | Encolar | Villager (Male) |
| 10:16 | Construir | Palisade Wall |
| 10:26 | Construir | Palisade Wall |
| 11:03 | Construir | Mill |
| 11:32 | Encolar | Villager (Male) |
| 12:06 | Encolar | Villager (Male) |
| 12:23 | Construir | Palisade Wall |
| 12:32 | Construir | Lumber Camp |
| 12:42 | Encolar | Villager (Male) |
| 12:52 | Construir | House |
| 13:04 | Encolar | Villager (Male) |
| 13:06 | Encolar | Villager (Male) |
| 13:06 | Encolar | Villager (Male) |
| 13:35 | Encolar | Villager (Male) |
| 14:24 | Encolar | Villager (Male) |
| 14:31 | Construir | Mill |
| 14:49 | Encolar | Villager (Male) |
| 14:49 | Encolar | Villager (Male) |
| 14:53 | Encolar | Villager (Male) |
| 14:59 | Encolar | Villager (Male) |
| 14:59 | Encolar | Villager (Male) |
| 15:18 | Construir | House |
| 16:06 | Construir | Mining Camp |
| 16:08 | Encolar | Villager (Male) |
| 16:10 | Construir | Mining Camp |
| 16:17 | Construir | Mining Camp |
| 16:31 | Construir | Farm |
| 16:50 | Investigar | Feudal Age |
| 16:58 | Construir | Farm |
| 17:29 | Encolar | Villager (Male) |
| 18:07 | Construir | Farm |
| 18:09 | Construir | Farm |
| 18:24 | Construir | House |
| 19:04 | Edad | Edad Feudal |
| 19:05 | Construir | Market |
| 19:07 | Construir | Blacksmith |
| 19:22 | Construir | Stone Wall |
| 19:25 | Encolar | Villager (Male) |
| 19:49 | Encolar | Villager (Male) |
| 19:51 | Construir | Stone Wall |
| 19:54 | Construir | Stone Wall |
| 20:17 | Construir | Stone Wall |
| 20:18 | Construir | Stone Wall |
| 20:45 | Construir | Watch Tower |
| 21:00 | Investigar | Castle Age |
| 21:38 | Construir | Watch Tower |
| 21:46 | Investigar | Double-Bit Axe |
| 21:58 | Construir | Stone Wall |
| 22:08 | Construir | Stone Wall |
| 22:14 | Construir | Stone Wall |
Build order — [TNT] KKKFFFFFFCC
Primeras 150 de 166 acciones detectadas
| 0:01 | Encolar | Villager (Male) |
| 0:01 | Encolar | Villager (Male) |
| 0:01 | Encolar | Villager (Male) |
| 0:02 | Encolar | Villager (Male) |
| 0:02 | Construir | House |
| 0:04 | Construir | House |
| 0:26 | Investigar | Loom |
| 0:27 | Encolar | Villager (Male) |
| 0:27 | Encolar | Villager (Male) |
| 1:39 | Encolar | Villager (Male) |
| 1:50 | Construir | Palisade Wall |
| 1:51 | Construir | Palisade Wall |
| 2:20 | Encolar | Villager (Male) |
| 2:43 | Encolar | Villager (Male) |
| 3:10 | Construir | Lumber Camp |
| 3:19 | Encolar | Villager (Male) |
| 3:20 | Encolar | Villager (Male) |
| 3:35 | Construir | House |
| 3:42 | Encolar | Villager (Male) |
| 3:43 | Encolar | Villager (Male) |
| 4:05 | Encolar | Villager (Male) |
| 4:05 | Encolar | Villager (Male) |
| 4:19 | Encolar | Villager (Male) |
| 4:32 | Construir | Palisade Wall |
| 4:33 | Construir | Palisade Wall |
| 4:38 | Encolar | Villager (Male) |
| 4:54 | Encolar | Villager (Male) |
| 4:54 | Encolar | Villager (Male) |
| 5:11 | Construir | House |
| 5:16 | Construir | Palisade Wall |
| 5:16 | Construir | Palisade Wall |
| 5:17 | Construir | Palisade Wall |
| 5:18 | Construir | Palisade Wall |
| 5:32 | Encolar | Villager (Male) |
| 5:50 | Encolar | Villager (Male) |
| 5:59 | Construir | Mill |
| 6:35 | Encolar | Villager (Male) |
| 6:35 | Encolar | Villager (Male) |
| 6:56 | Encolar | Villager (Male) |
| 6:56 | Encolar | Villager (Male) |
| 7:27 | Encolar | Villager (Male) |
| 7:33 | Encolar | Villager (Male) |
| 7:33 | Encolar | Villager (Male) |
| 7:37 | Construir | Farm |
| 7:38 | Construir | Farm |
| 8:07 | Encolar | Villager (Male) |
| 9:11 | Construir | House |
| 9:13 | Investigar | Feudal Age |
| 9:17 | Construir | Mining Camp |
| 10:11 | Construir | Farm |
| 10:14 | Construir | Farm |
| 10:46 | Construir | Farm |
| 10:50 | Construir | Farm |
| 10:51 | Encolar | Villager (Male) |
| 10:51 | Encolar | Villager (Male) |
| 11:23 | Edad | Edad Feudal |
| 11:27 | Construir | Market |
| 11:39 | Construir | Blacksmith |
| 11:42 | Encolar | Villager (Male) |
| 11:59 | Construir | House |
| 12:32 | Investigar | Castle Age |
| 12:32 | Investigar | Castle Age |
| 13:14 | Construir | Outpost |
| 13:38 | Investigar | Double-Bit Axe |
| 13:41 | Investigar | Horse Collar |
| 14:30 | Construir | Stone Wall |
| 14:35 | Construir | Stone Wall |
| 14:36 | Construir | Stone Wall |
| 14:38 | Encolar | Villager (Male) |
| 14:39 | Encolar | Villager (Male) |
| 15:18 | Edad | Edad de los Castillos |
| 15:22 | Construir | Town Center |
| 15:27 | Investigar | Bow Saw |
| 15:31 | Construir | Stone Wall |
| 15:34 | Construir | Stone Wall |
| 15:41 | Construir | Town Center |
| 15:45 | Encolar | Villager (Male) |
| 16:12 | Construir | Farm |
| 16:12 | Encolar | Villager (Male) |
| 16:27 | Encolar | Villager (Male) |
| 16:39 | Construir | House |
| 16:41 | Encolar | Villager (Male) |
| 16:41 | Encolar | Villager (Male) |
| 16:51 | Construir | House |
| 17:00 | Encolar | Villager (Male) |
| 17:01 | Encolar | Villager (Male) |
| 17:02 | Encolar | Villager (Male) |
| 17:02 | Encolar | Villager (Male) |
| 17:23 | Encolar | Villager (Male) |
| 17:28 | Construir | Stone Wall |
| 17:29 | Construir | Gate |
| 17:33 | Encolar | Villager (Male) |
| 17:33 | Encolar | Villager (Male) |
| 17:53 | Encolar | Villager (Male) |
| 17:53 | Encolar | Villager (Male) |
| 17:57 | Encolar | Villager (Male) |
| 17:57 | Encolar | Villager (Male) |
| 18:11 | Construir | House |
| 18:13 | Construir | House |
| 18:16 | Encolar | Villager (Male) |
| 18:16 | Encolar | Villager (Male) |
| 18:26 | Construir | Farm |
| 18:27 | Construir | Farm |
| 18:29 | Construir | Farm |
| 18:29 | Construir | Farm |
| 18:30 | Construir | Farm |
| 18:33 | Encolar | Villager (Male) |
| 18:33 | Encolar | Villager (Male) |
| 18:54 | Encolar | Villager (Male) |
| 18:56 | Construir | Farm |
| 18:57 | Encolar | Villager (Male) |
| 19:01 | Encolar | Villager (Male) |
| 19:08 | Encolar | Villager (Male) |
| 19:08 | Encolar | Villager (Male) |
| 19:14 | Construir | Town Center |
| 19:19 | Encolar | Villager (Male) |
| 19:25 | Encolar | Villager (Male) |
| 19:27 | Construir | Farm |
| 19:34 | Encolar | Villager (Male) |
| 19:35 | Encolar | Villager (Male) |
| 19:37 | Construir | Farm |
| 19:44 | Encolar | Villager (Male) |
| 19:44 | Encolar | Villager (Male) |
| 19:51 | Encolar | Villager (Male) |
| 19:51 | Encolar | Villager (Male) |
| 20:10 | Construir | Siege Workshop |
| 20:11 | Encolar | Villager (Male) |
| 20:11 | Encolar | Villager (Male) |
| 20:11 | Encolar | Villager (Male) |
| 20:11 | Encolar | Villager (Male) |
| 20:19 | Encolar | Villager (Male) |
| 20:25 | Encolar | Villager (Male) |
| 20:25 | Encolar | Villager (Male) |
| 20:34 | Construir | Farm |
| 20:38 | Construir | Farm |
| 20:40 | Encolar | Villager (Male) |
| 20:40 | Encolar | Villager (Male) |
| 20:47 | Construir | Farm |
| 20:49 | Encolar | Villager (Male) |
| 20:49 | Encolar | Villager (Male) |
| 20:54 | Encolar | Villager (Male) |
| 20:56 | Construir | Farm |
| 20:58 | Encolar | Villager (Male) |
| 20:58 | Encolar | Villager (Male) |
| 20:58 | Encolar | Villager (Male) |
| 21:14 | Construir | House |
| 21:16 | Encolar | Villager (Male) |
| 21:22 | Construir | Monastery |
| 21:26 | Encolar | Villager (Male) |
| 21:26 | Encolar | Villager (Male) |
Build order — [LW] Kiddo
132 acciones detectadas en el replay
| 0:01 | Encolar | Villager (Male) |
| 0:01 | Encolar | Villager (Male) |
| 0:02 | Encolar | Villager (Male) |
| 0:03 | Construir | House |
| 0:04 | Construir | House |
| 0:07 | Encolar | Villager (Male) |
| 0:07 | Encolar | Villager (Male) |
| 0:32 | Construir | Palisade Wall |
| 0:34 | Investigar | Loom |
| 0:39 | Encolar | Villager (Male) |
| 0:39 | Encolar | Villager (Male) |
| 0:39 | Encolar | Villager (Male) |
| 1:13 | Encolar | Villager (Male) |
| 1:50 | Construir | Palisade Wall |
| 2:03 | Encolar | Villager (Male) |
| 2:03 | Encolar | Villager (Male) |
| 2:59 | Encolar | Villager (Male) |
| 2:59 | Encolar | Villager (Male) |
| 3:23 | Encolar | Villager (Male) |
| 3:52 | Encolar | Villager (Male) |
| 3:54 | Construir | House |
| 4:25 | Construir | Palisade Wall |
| 4:30 | Construir | Palisade Wall |
| 4:35 | Encolar | Villager (Male) |
| 4:35 | Encolar | Villager (Male) |
| 4:35 | Encolar | Villager (Male) |
| 5:13 | Encolar | Villager (Male) |
| 5:37 | Encolar | Villager (Male) |
| 5:50 | Encolar | Villager (Male) |
| 5:50 | Encolar | Villager (Male) |
| 5:58 | Construir | Palisade Wall |
| 6:08 | Construir | House |
| 6:16 | Encolar | Villager (Male) |
| 6:16 | Encolar | Villager (Male) |
| 6:31 | Encolar | Villager (Male) |
| 6:35 | Construir | Palisade Wall |
| 6:38 | Construir | Palisade Wall |
| 7:02 | Encolar | Villager (Male) |
| 7:02 | Encolar | Villager (Male) |
| 7:10 | Construir | Palisade Wall |
| 7:16 | Construir | House |
| 7:31 | Encolar | Villager (Male) |
| 7:31 | Encolar | Villager (Male) |
| 7:56 | Encolar | Villager (Male) |
| 8:10 | Encolar | Villager (Male) |
| 8:11 | Encolar | Villager (Male) |
| 8:22 | Construir | House |
| 8:59 | Construir | Barracks |
| 9:01 | Encolar | Villager (Male) |
| 9:04 | Construir | Palisade Wall |
| 9:21 | Encolar | Villager (Male) |
| 9:29 | Construir | Palisade Wall |
| 9:30 | Encolar | Villager (Male) |
| 9:39 | Encolar | Militia |
| 9:39 | Encolar | Militia |
| 9:39 | Encolar | Militia |
| 9:42 | Construir | House |
| 9:42 | Encolar | Villager (Male) |
| 10:19 | Encolar | Villager (Male) |
| 10:19 | Encolar | Villager (Male) |
| 10:41 | Construir | House |
| 10:44 | Encolar | Villager (Male) |
| 10:58 | Construir | House |
| 11:04 | Construir | House |
| 11:13 | Construir | Palisade Gate |
| 11:15 | Encolar | Villager (Male) |
| 11:17 | Encolar | Villager (Male) |
| 11:25 | Construir | Palisade Wall |
| 11:26 | Construir | Palisade Wall |
| 12:07 | Encolar | Villager (Male) |
| 12:30 | Encolar | Villager (Male) |
| 12:39 | Encolar | Villager (Male) |
| 13:06 | Construir | Lumber Camp |
| 13:12 | Encolar | Villager (Male) |
| 13:17 | Construir | Palisade Wall |
| 13:19 | Construir | Palisade Wall |
| 13:20 | Construir | Palisade Wall |
| 13:32 | Encolar | Villager (Male) |
| 13:48 | Investigar | Feudal Age |
| 14:07 | Construir | Mill |
| 14:27 | Construir | Palisade Wall |
| 14:34 | Construir | Farm |
| 14:36 | Construir | Farm |
| 14:49 | Construir | Palisade Wall |
| 14:53 | Construir | Farm |
| 15:12 | Construir | Lumber Camp |
| 15:33 | Construir | Farm |
| 15:35 | Encolar | Villager (Male) |
| 15:35 | Encolar | Villager (Male) |
| 15:49 | Construir | Palisade Wall |
| 15:52 | Construir | Palisade Wall |
| 15:58 | Edad | Edad Feudal |
| 16:20 | Construir | Farm |
| 16:21 | Construir | Farm |
| 16:22 | Investigar | Double-Bit Axe |
| 16:32 | Investigar | Horse Collar |
| 16:33 | Investigar | Horse Collar |
| 16:34 | Encolar | Villager (Male) |
| 16:50 | Construir | Farm |
| 16:52 | Encolar | Villager (Male) |
| 17:01 | Encolar | Villager (Male) |
| 17:09 | Construir | Stone Wall |
| 17:11 | Construir | Stone Wall |
| 17:13 | Encolar | Villager (Male) |
| 17:15 | Construir | Farm |
| 17:19 | Construir | Farm |
| 17:25 | Construir | Farm |
| 17:44 | Construir | Mining Camp |
| 17:49 | Encolar | Villager (Male) |
| 17:56 | Construir | House |
| 17:58 | Construir | House |
| 17:59 | Construir | House |
| 18:15 | Encolar | Villager (Male) |
| 18:30 | Construir | Farm |
| 18:32 | Construir | Farm |
| 18:43 | Construir | Farm |
| 18:46 | Construir | Farm |
| 19:15 | Encolar | Villager (Male) |
| 19:21 | Construir | Blacksmith |
| 19:32 | Construir | House |
| 19:34 | Construir | House |
| 19:36 | Encolar | Villager (Male) |
| 19:45 | Construir | Market |
| 20:10 | Encolar | Villager (Male) |
| 20:32 | Construir | House |
| 20:33 | Construir | House |
| 20:34 | Construir | House |
| 20:35 | Investigar | Castle Age |
| 21:21 | Construir | Stone Wall |
| 21:24 | Construir | Gate |
| 21:43 | Encolar | Villager (Male) |
| 21:46 | Encolar | Villager (Male) |
Build order — 洛子商
116 acciones detectadas en el replay
| 0:02 | Encolar | Villager (Male) |
| 0:02 | Encolar | Villager (Male) |
| 0:02 | Encolar | Villager (Male) |
| 0:04 | Construir | House |
| 0:05 | Construir | House |
| 0:09 | Encolar | Villager (Male) |
| 0:09 | Encolar | Villager (Male) |
| 0:49 | Construir | Palisade Wall |
| 0:59 | Investigar | Loom |
| 1:22 | Encolar | Villager (Male) |
| 1:45 | Encolar | Villager (Male) |
| 2:17 | Encolar | Villager (Male) |
| 2:46 | Encolar | Villager (Male) |
| 2:46 | Encolar | Villager (Male) |
| 3:40 | Encolar | Villager (Male) |
| 3:41 | Encolar | Villager (Male) |
| 3:57 | Encolar | Villager (Male) |
| 4:01 | Construir | Palisade Wall |
| 4:29 | Encolar | Villager (Male) |
| 4:29 | Encolar | Villager (Male) |
| 5:01 | Encolar | Villager (Male) |
| 5:01 | Encolar | Villager (Male) |
| 5:29 | Construir | Palisade Wall |
| 5:30 | Construir | Palisade Wall |
| 5:38 | Construir | Palisade Wall |
| 5:44 | Encolar | Villager (Male) |
| 5:44 | Encolar | Villager (Male) |
| 5:45 | Encolar | Villager (Male) |
| 5:48 | Construir | Palisade Wall |
| 5:56 | Construir | Palisade Wall |
| 6:06 | Encolar | Villager (Male) |
| 6:07 | Encolar | Villager (Male) |
| 6:12 | Construir | Palisade Wall |
| 6:40 | Encolar | Villager (Male) |
| 6:40 | Encolar | Villager (Male) |
| 6:40 | Encolar | Villager (Male) |
| 6:51 | Construir | Palisade Wall |
| 7:09 | Encolar | Villager (Male) |
| 7:09 | Encolar | Villager (Male) |
| 7:39 | Encolar | Villager (Male) |
| 7:39 | Encolar | Villager (Male) |
| 7:52 | Construir | House |
| 8:10 | Construir | Palisade Wall |
| 8:24 | Construir | House |
| 8:31 | Construir | Palisade Wall |
| 8:34 | Construir | Palisade Wall |
| 8:42 | Construir | Palisade Wall |
| 8:56 | Encolar | Villager (Male) |
| 8:56 | Encolar | Villager (Male) |
| 8:57 | Construir | Lumber Camp |
| 9:10 | Encolar | Villager (Male) |
| 9:10 | Encolar | Villager (Male) |
| 9:25 | Encolar | Villager (Male) |
| 9:25 | Encolar | Villager (Male) |
| 9:48 | Encolar | Villager (Male) |
| 9:48 | Encolar | Villager (Male) |
| 10:24 | Encolar | Villager (Male) |
| 10:39 | Construir | Mill |
| 11:01 | Encolar | Villager (Male) |
| 11:01 | Encolar | Villager (Male) |
| 11:25 | Encolar | Villager (Male) |
| 11:25 | Encolar | Villager (Male) |
| 11:52 | Encolar | Villager (Male) |
| 11:52 | Encolar | Villager (Male) |
| 12:00 | Construir | Mill |
| 12:16 | Encolar | Villager (Male) |
| 12:50 | Encolar | Villager (Male) |
| 12:50 | Encolar | Villager (Male) |
| 12:56 | Encolar | Villager (Male) |
| 12:56 | Encolar | Villager (Male) |
| 12:57 | Encolar | Villager (Male) |
| 12:57 | Encolar | Villager (Male) |
| 13:06 | Encolar | Villager (Male) |
| 13:12 | Construir | House |
| 13:25 | Construir | Farm |
| 13:43 | Encolar | Villager (Male) |
| 13:43 | Encolar | Villager (Male) |
| 13:49 | Encolar | Villager (Male) |
| 13:49 | Encolar | Villager (Male) |
| 13:50 | Encolar | Villager (Male) |
| 13:51 | Encolar | Villager (Male) |
| 13:51 | Encolar | Villager (Male) |
| 14:02 | Construir | Farm |
| 14:10 | Construir | House |
| 14:14 | Encolar | Villager (Male) |
| 14:15 | Construir | Farm |
| 14:46 | Encolar | Villager (Male) |
| 14:47 | Encolar | Villager (Male) |
| 14:47 | Encolar | Villager (Male) |
| 14:57 | Encolar | Villager (Male) |
| 14:57 | Encolar | Villager (Male) |
| 15:44 | Construir | Farm |
| 15:45 | Construir | Farm |
| 16:17 | Encolar | Villager (Male) |
| 16:21 | Construir | Farm |
| 16:24 | Construir | House |
| 16:25 | Construir | House |
| 16:37 | Construir | Farm |
| 16:44 | Investigar | Feudal Age |
| 16:44 | Investigar | Feudal Age |
| 17:23 | Construir | House |
| 18:20 | Construir | House |
| 19:10 | Edad | Edad Feudal |
| 19:16 | Construir | Market |
| 19:18 | Construir | Blacksmith |
| 19:23 | Encolar | Villager (Male) |
| 19:23 | Encolar | Villager (Male) |
| 20:13 | Investigar | Castle Age |
| 20:31 | Construir | Farm |
| 20:32 | Construir | Farm |
| 20:33 | Construir | Farm |
| 20:34 | Investigar | Horse Collar |
| 20:38 | Investigar | Double-Bit Axe |
| 20:39 | Investigar | Double-Bit Axe |
| 20:54 | Construir | Farm |
| 21:54 | Construir | Lumber Camp |
Cronología de la partida
| 0:32 | [LW] Kiddo · wall_segment Palisade Wall x7 |
| 0:49 | 洛子商 · wall_segment Palisade Wall x10 |
| 1:22 | RoR | Klobaska · wall_segment Palisade Wall x2 |
| 1:24 | RoR | Klobaska · wall_segment Palisade Wall x1 |
| 1:27 | RoR | Klobaska · wall_segment Palisade Wall x1 |
| 1:40 | RoR | Klobaska · wall_segment Palisade Wall x2 |
| 1:46 | RoR | Klobaska · wall_segment Palisade Wall x1 |
| 1:50 | [TNT] KKKFFFFFFCC · wall_segment Palisade Wall x1 |
| 1:50 | [LW] Kiddo · wall_segment Palisade Wall x16 |
| 1:51 | [TNT] KKKFFFFFFCC · wall_segment Palisade Wall x6 |
| 3:30 | RoR | Klobaska · wall_segment Palisade Wall x1 |
| 3:32 | RoR | Klobaska · wall_segment Palisade Wall x1 |
| 4:01 | 洛子商 · wall_segment Palisade Wall x1 |
| 4:25 | [LW] Kiddo · wall_segment Palisade Wall x15 |
| 4:30 | [LW] Kiddo · wall_segment Palisade Wall x1 |
| 4:32 | [TNT] KKKFFFFFFCC · wall_segment Palisade Wall x1 |
| 4:33 | [TNT] KKKFFFFFFCC · wall_segment Palisade Wall x1 |
| 5:01 | KDA HDT · wall_segment Palisade Wall x1 |
| 5:13 | KDA HDT · wall_segment Palisade Wall x1 |
| 5:16 | [TNT] KKKFFFFFFCC · wall_segment Palisade Wall x1 |
| 5:16 | [TNT] KKKFFFFFFCC · wall_segment Palisade Wall x1 |
| 5:17 | [TNT] KKKFFFFFFCC · wall_segment Palisade Wall x1 |
| 5:18 | [TNT] KKKFFFFFFCC · wall_segment Palisade Wall x3 |
| 5:29 | 洛子商 · wall_segment Palisade Wall x1 |
| 5:30 | 洛子商 · wall_segment Palisade Wall x1 |
| 5:37 | RoR | Klobaska · wall_segment Palisade Wall x1 |
| 5:38 | 洛子商 · wall_segment Palisade Wall x1 |
| 5:47 | RoR | Klobaska · wall_segment Palisade Wall x1 |
| 5:48 | 洛子商 · wall_segment Palisade Wall x1 |
| 5:50 | RoR | Klobaska · wall_segment Palisade Wall x1 |
| 5:56 | 洛子商 · wall_segment Palisade Wall x1 |
| 5:58 | [LW] Kiddo · wall_segment Palisade Wall x7 |
| 6:12 | 洛子商 · wall_segment Palisade Wall x1 |
| 6:15 | RoR | Klobaska · wall_segment Palisade Wall x1 |
| 6:27 | RoR | Klobaska · wall_segment Palisade Wall x1 |
| 6:27 | RoR | Klobaska · wall_segment Palisade Wall x1 |
| 6:34 | RoR | Klobaska · wall_segment Palisade Wall x1 |
| 6:35 | [LW] Kiddo · wall_segment Palisade Wall x3 |
| 6:36 | RoR | Klobaska · wall_segment Palisade Wall x1 |
| 6:38 | [LW] Kiddo · wall_segment Palisade Wall x5 |
| 6:51 | 洛子商 · wall_segment Palisade Wall x1 |
| 7:10 | [LW] Kiddo · wall_segment Palisade Wall x5 |
| 7:38 | RoR | Klobaska · wall_segment Palisade Wall x1 |
| 8:00 | RoR | Klobaska · wall_segment Palisade Wall x1 |
| 8:01 | RoR | Klobaska · wall_segment Palisade Wall x1 |
| 8:10 | 洛子商 · wall_segment Palisade Wall x1 |
| 8:31 | 洛子商 · wall_segment Palisade Wall x1 |
| 8:34 | 洛子商 · wall_segment Palisade Wall x1 |
| 8:38 | RoR | Klobaska · wall_segment Palisade Wall x1 |
| 8:38 | 仙女下凡 · wall_segment Palisade Wall x1 |
| 8:40 | RoR | Klobaska · wall_segment Palisade Wall x1 |
| 8:42 | 洛子商 · wall_segment Palisade Wall x1 |
| 8:59 | [LW] Kiddo · first_building Barracks |
| 9:04 | [LW] Kiddo · wall_segment Palisade Wall x1 |
| 9:24 | KDA HDT · first_building Barracks |
| 9:29 | [LW] Kiddo · wall_segment Palisade Wall x1 |
| 10:06 | _LY_Pala · age_up feudal |
| 10:16 | RoR | Klobaska · wall_segment Palisade Wall x1 |
| 10:26 | RoR | Klobaska · wall_segment Palisade Wall x1 |
| 10:56 | KDA HDT · age_up feudal |
| 10:59 | KDA HDT · first_building Stable |
| 11:23 | [TNT] KKKFFFFFFCC · age_up feudal |
| 11:25 | [LW] Kiddo · wall_segment Palisade Wall x1 |
| 11:26 | [LW] Kiddo · wall_segment Palisade Wall x1 |
| 11:46 | 仙女下凡 · age_up feudal |
| 12:09 | 微笑矮袋鼠 · wall_segment Palisade Wall x12 |
| 12:17 | [TNT] KKKFFFFFFCC · first_market_sell 100 stone |
| 12:23 | RoR | Klobaska · wall_segment Palisade Wall x1 |
| 12:38 | 微笑矮袋鼠 · wall_segment Palisade Wall x6 |
| 12:52 | 微笑矮袋鼠 · wall_segment Palisade Wall x1 |
| 13:04 | 微笑矮袋鼠 · wall_segment Palisade Wall x1 |
| 13:17 | [LW] Kiddo · wall_segment Palisade Wall x7 |
| 13:19 | [LW] Kiddo · wall_segment Palisade Wall x2 |
| 13:20 | [LW] Kiddo · wall_segment Palisade Wall x7 |
| 13:22 | 微笑矮袋鼠 · wall_segment Palisade Wall x14 |
| 13:36 | _LY_Pala · age_up castle |
| 13:41 | _LY_Pala · first_building Monastery |
| 14:27 | [LW] Kiddo · wall_segment Palisade Wall x2 |
| 14:30 | KDA HDT · age_up castle |
| 14:30 | [TNT] KKKFFFFFFCC · wall_segment Stone Wall x1 |
| 14:32 | KDA HDT · first_building Siege Workshop |
| 14:35 | [TNT] KKKFFFFFFCC · wall_segment Stone Wall x1 |
| 14:36 | [TNT] KKKFFFFFFCC · wall_segment Stone Wall x1 |
| 14:39 | 仙女下凡 · first_market_buy 100 food |
| 14:46 | _LY_Pala · first_building Siege Workshop |
| 14:49 | [LW] Kiddo · wall_segment Palisade Wall x9 |
| 15:16 | 仙女下凡 · age_up castle |
| 15:18 | [TNT] KKKFFFFFFCC · age_up castle |
| 15:21 | 仙女下凡 · first_building Castle |
| 15:31 | [TNT] KKKFFFFFFCC · wall_segment Stone Wall x1 |
| 15:34 | [TNT] KKKFFFFFFCC · wall_segment Stone Wall x3 |
| 15:37 | _LY_Pala · wall_segment Stone Wall x10 |
| 15:49 | [LW] Kiddo · wall_segment Palisade Wall x1 |
| 15:52 | [LW] Kiddo · wall_segment Palisade Wall x8 |
| 15:58 | [LW] Kiddo · age_up feudal |
| 16:27 | 微笑矮袋鼠 · wall_segment Palisade Wall x6 |
| 16:36 | KDA HDT · first_building Monastery |
| 16:56 | 微笑矮袋鼠 · wall_segment Palisade Wall x7 |
| 17:09 | [LW] Kiddo · wall_segment Stone Wall x2 |
| 17:11 | [LW] Kiddo · wall_segment Stone Wall x7 |
| 17:11 | 微笑矮袋鼠 · wall_segment Palisade Wall x2 |
| 17:28 | [TNT] KKKFFFFFFCC · wall_segment Stone Wall x10 |
| 18:06 | _LY_Pala · wall_segment Stone Wall x1 |
| 18:19 | 仙女下凡 · first_market_sell 100 stone |
| 19:04 | RoR | Klobaska · age_up feudal |
| 19:10 | 洛子商 · age_up feudal |
| 19:22 | RoR | Klobaska · wall_segment Stone Wall x1 |
| 19:51 | RoR | Klobaska · wall_segment Stone Wall x1 |
| 19:52 | 微笑矮袋鼠 · age_up feudal |
| 19:54 | RoR | Klobaska · wall_segment Stone Wall x1 |
| 20:06 | 洛子商 · first_market_sell 100 wood |
| 20:10 | [TNT] KKKFFFFFFCC · first_building Siege Workshop |
| 20:10 | RoR | Klobaska · first_market_buy 100 food |
| 20:17 | RoR | Klobaska · wall_segment Stone Wall x1 |
| 20:18 | RoR | Klobaska · wall_segment Stone Wall x1 |
| 20:30 | RoR | Klobaska · first_market_sell 100 wood |
| 21:21 | [LW] Kiddo · wall_segment Stone Wall x17 |
| 21:22 | [TNT] KKKFFFFFFCC · first_building Monastery |
| 21:30 | [LW] Kiddo · first_market_buy 100 stone |
| 21:31 | [LW] Kiddo · first_market_sell 100 wood |
| 21:58 | RoR | Klobaska · wall_segment Stone Wall x1 |
| 22:08 | RoR | Klobaska · wall_segment Stone Wall x1 |
| 22:14 | RoR | Klobaska · wall_segment Stone Wall x1 |
| 22:24 | 洛子商 · resign |
[ ANÁLISIS IA · 1 CRÉDITO ]
¿Qué pasó realmente en esta partida?
Wolo.gg analiza cada decisión: build order, eco, micro, errores típicos por bracket. Análisis personalizado por WhatsApp o Discord en 30 segundos.
Guía civ
Españoles
Perfil
Jugador #12397826